 Dungeon Crawl Stone Soup version 0.30.1-9-gdf580d7c3d (webtiles) character file.

Game seed: 5116521084857464922

170 Jerry the Covered (level 5, -6/42 HPs)
             Began as a Human Fighter on Sept 28, 2023.
             Mangled by Terence
             ... wielding a +0 falchion
              (7 damage)
             ... on level 2 of the Dungeon.
             The game lasted 00:03:32 (2147 turns).

Jerry the Covered (Human Fighter)                   Turns: 2147, Time: 00:03:33

Health: -6/42      AC:  4    Str: 17    XL:     5   Next: 80%
Magic:  5/5        EV: 10    Int: 10    God:
Gold:   61         SH:  5    Dex: 12    Spells: 4/4 levels left

rFire   . . .        a - +0 long sword
rCold   . . .        c - +0 buckler
rNeg    + . .        o - +1 leather armour {rN+}
rPois   .            (no helmet)
rElec   .            (no cloak)
rCorr   .            (no gloves)
SInv    .            (no boots)
Will    .....        (no amulet)
Stlth   +            (no ring)
HPRegen 0.27/turn    (no ring)
MPRegen 0.09/turn

%: no passive effects
@: no status effects
A: no striking features
a: no special abilities


You were on level 2 of the Dungeon.
You visited 1 branch of the dungeon, and saw 2 of its levels.

You collected 61 gold pieces.

Inventory:

Hand Weapons
 a - a +0 long sword (weapon)
Armour
 b - a +0 scale mail
 c - a +0 buckler (worn)
 o - a +1 leather armour of positive energy (worn)
Wands
 m - a wand of flame (20)
Scrolls
 e - a scroll of fog {unknown}
 f - 2 scrolls of silence {unknown}
 g - a scroll of teleportation {unknown}
 h - a scroll of identify {unknown}
 j - a scroll of magic mapping {unknown}
 n - a scroll of noise {unknown}
Potions
 d - a potion of might
 i - a potion of curing {unknown}
 k - a potion of ambrosia {unknown}
 l - a potion of invisibility {unknown}


   Skills:
 + Level 3.9 Fighting
 + Level 3.2 Long Blades
 + Level 3.9 Armour
 + Level 3.9 Shields


You had 4 spell levels left.
You didn't know any spells.
Your spell library was empty.

Dungeon Overview and Level Annotations

Branches:
Dungeon (2/15)

Altars:

Annotations:
D:2 Terence


Message History

You see here a ball python corpse.
Terence the Incautious comes into view.
He is wielding a +0 falchion and wearing a +2 scale mail of positive energy.
Terence shouts!
Found a dagger and a ring mail.
Terence drinks a potion.
Terence seems to speed up.
You hit Terence but do no damage. Terence hits you with a +0 falchion!
Terence hits you but does no damage.
You hit Terence.
Terence is lightly wounded.
Terence misses you. You block Terence's attack.
You hit Terence but do no damage.
Terence is lightly wounded.
You block Terence's attack. Terence closely misses you.
You hit Terence.
Terence is heavily wounded.
Terence closely misses you. Terence hits you with a +0 falchion.
You hit Terence.
Terence is severely wounded.
Terence barely misses you.
You hit Terence but do no damage.
Terence is severely wounded.
Terence hits you with a +0 falchion! Terence barely misses you.
You are too injured to fight recklessly!
You are too injured to fight recklessly!
You are too injured to fight recklessly!
You are too injured to fight recklessly!
You closely miss Terence.
Terence is severely wounded.
Terence hits you with a +0 falchion! Terence hits you with a +0 falchion.
* * * LOW HITPOINT WARNING * * *
You barely miss Terence.
Terence is severely wounded.
Terence hits you with a +0 falchion.
* * * LOW HITPOINT WARNING * * *
Terence hits you with a +0 falchion.
* * * LOW HITPOINT WARNING * * *
You closely miss Terence.
Terence is severely wounded.
Terence hits you but does no damage. Terence hits you with a +0 falchion!
You die...

.###.##.............. ...........
.###.#.....###.####.# ########.##
.....#.##..# #.# .# #..#
...........###.# ##.### ##..#
##....#.....##.##.....# #...#
........#.#...>..>....# #.#.#
......^...####.##....[# #.#.#
..........####.##.....## #.#)#
................@@...).. ..#†#
..........####.######### ###.#
..........####.####### ###.##
.................†<..#######.....
............##.#####.............
........###..#.# #########.....
#.####### ##...# #..... # # ##..#
#..... .# #..# #.....


You could see Terence (fast).

Vanquished Creatures
  Jessica (D:2)
  Natasha (thrice) (D:2)
  2 adders (D:2)
  2 dart slugs (D:1)
  5 bats
  3 endoplasms (D:1)
  A giant cockroach (D:2)
  5 goblins (D:1)
  6 hobgoblins
  3 kobolds
  2 quokkas
  7 ball pythons
  A frilled lizard (D:2)
  7 rats
48 creatures vanquished.

Notes
Turn   | Place    | Note
-------+----------+-------------------------------------------
     0 | D:1      | Jerry the Human Fighter began the quest for the Orb.
     0 | D:1      | Reached XP level 1. HP: 18/18 MP: 1/1
    52 | D:1      | Reached XP level 2. HP: 9/24 MP: 2/2
   240 | D:1      | You fall into a shaft and drop 1 floor!
   307 | D:2      | Reached XP level 3. HP: 29/29 MP: 3/3
   638 | D:1      | Found a faded altar of an unknown god.
   867 | D:2      | Noticed Jessica
   873 | D:2      | Killed Jessica
   874 | D:2      | Reached XP level 4. HP: 14/35 MP: 4/4
   958 | D:2      | Noticed Natasha
   970 | D:2      | Killed Natasha
   971 | D:2      | Reached XP level 5. HP: 10/42 MP: 5/5
  1143 | D:2      | Noticed Natasha
  1155 | D:2      | Killed Natasha
  1834 | D:2      | Noticed Natasha
  1847 | D:2      | Killed Natasha
  2135 | D:2      | Noticed Terence
  2146 | D:2      | HP: 1/42 [Terence/+0 falchion (2)]
  2147 | D:2      | Mangled by Terence

Illustrated notes

Levels and vault maps discovered:
D:1:      mrwooster_arrival_statue, layout_basic,
          shapermc_ecumenical_altar_mp_urbaneastern
D:2:      layout_rooms, st_stairs_5, uniq_natasha, uniq_terence, uniq_jessica

Skill      XL: |  1  2  3  4  5 |
---------------+----------------+-----
Long Blades    | 3 |  3.2
Fighting       | |  3.9
Armour         | |  3.9
Shields        | |  3.9

Action                     |  1- 3 |  4- 6 || total
---------------------------+-------+-------++-------
  Melee: Long sword        |   116 |    75 ||   191
 Armour: Scale mail        |    76 |    57 ||   133
         Leather armour    |       |     3 ||     3
  Dodge: Dodged            |    74 |    34 ||   108
  Block: Buckler           |    25 |    19 ||    44
